 Dungeon Crawl Stone Soup version 0.27.1-33-g824d729ab1 (webtiles) character file.

Game seed: 10771655194980626410

259 pkoi the Insei (level 5, -1/37 (38) HPs)
             Began as a Draconian Earth Elementalist on Nov 30, 2021.
             Slain by Crazy Yiuf (3 damage)
             ... on level 3 of the Dungeon.
             The game lasted 00:03:51 (3992 turns).

pkoi the Insei (Draconian Earth Elementalist)       Turns: 3992, Time: 00:03:52

HP:   -1/37 (38)    AC:  8    Str: 10    XL:     5   Next: 94%
MP:   4/8           EV: 12    Int: 17    God:
Gold: 104           SH:  0    Dex: 17    Spells: 5/8 levels left

rFire    . . .     SeeInvis .     - Unarmed
rCold    . . .     Faith    .   (no shield)
rNeg     . . .     Spirit   .   (armour unavailable)
rPois    +         Reflect  .   (helmet restricted)
rElec    .         Harm     .   k - +0 cloak
rCorr    .         Rampage  .   a - +1 pair of gloves
Will     .....                  (no boots)
Stlth    ++........             (no amulet)
HPRegen  0.12/turn              g - ring of poison resistance
MPRegen  0.11/turn              h - +6 ring of dexterity

@: lightly drained
A: AC +5, unfitting armour, cold-blooded
a: no special abilities


You were on level 3 of the Dungeon.
You visited 1 branch of the dungeon, and saw 3 of its levels.

You collected 104 gold pieces.

Inventory:

Hand Weapons
 f - a +1 hunting sling of flaming
Missiles
 b - 39 stones
Armour
 a - a +1 pair of gloves (worn)
 k - a +0 cloak (worn)
Jewellery
 g - a ring of poison resistance (left hand)
 h - a +6 ring of dexterity (right hand)
Scrolls
 c - a scroll of summoning {unknown}
Potions
 d - a potion of attraction
 j - a potion of heal wounds


   Skills:
 - Level 1.7 Dodging
 - Level 1.7 Stealth
 * Level 4.7 Unarmed Combat
 - Level 2.0 Spellcasting
 + Level 3.4 Transmutations
 - Level 3.0 Earth Magic


You had 5 spell levels left.
You knew the following spells:

 Your Spells              Type           Power      Damage    Failure   Level
a - Sandblast             Erth           22%        2d7       5%          1
b - Passwall              Tmut/Erth      10%        N/A       8%          2

Your spell library contained the following spells:

 Spells                   Type           Power      Damage    Failure   Level
 Stone Arrow              Conj/Erth      12%        3d7       30%         3
 Petrify                  Tmut/Erth      12%        N/A       45%         4


Dungeon Overview and Level Annotations

Branches:
Dungeon (3/15)

Altars:
Zin

Annotations:
D:3 Crazy Yiuf


Innate Abilities, Weirdness & Mutations

Your plain brown scales are hard. (AC +5)
You cannot fit into any form of body armour.
You are cold-blooded and may be slowed by cold attacks.


Message History

You see here a +1 mace of protection.
You see here a +0 mace of holy wrath.
Key pressed, stopping explore.
No target in view!
No target in view!
No target in view!
No target in view!
No target in view!
No target in view!
You see here a +0 mace.
You see here a +0 mace.
You see here a +0 mace.
You open the door.
Crazy Yiuf shouts!
Crazy Yiuf whimpers, "Papa foot head!"
The blast of sand hits Crazy Yiuf but does no damage.
The blast of sand hits Crazy Yiuf but does no damage.
Crazy Yiuf says, "Ghoul light sallow!"
Crazy Yiuf misses you.
The blast of sand hits Crazy Yiuf.
Crazy Yiuf is lightly wounded.
Crazy Yiuf hits you with a +2 quarterstaff of chaos.
You feel drained.
The blast of sand hits Crazy Yiuf!
Crazy Yiuf is heavily wounded.
Crazy Yiuf says, "Cod!"
Crazy Yiuf hits you with a +2 quarterstaff of chaos!
You are confused.
You hit Crazy Yiuf but do no damage.
Crazy Yiuf is heavily wounded.
You feel less confused.
Crazy Yiuf hits you with a +2 quarterstaff of chaos!
* * * LOW HITPOINT WARNING * * *
You hit Crazy Yiuf.
You tail-slap Crazy Yiuf, but do no damage.
Crazy Yiuf is heavily wounded.
Crazy Yiuf hits you with a +2 quarterstaff of chaos!
* * * LOW HITPOINT WARNING * * *
Crazy Yiuf freezes you.
You die...

.#.###.##.........##.............
.#.# #.##..###########...........
.#.###.....# #..........#
...........# ##### #...........
.....#.##..# #).)# #.#...##.#.#
.#......'..# #)))# #....###...#
.#.#...##..# ))) #....##.....
.#..#..##### #g# #....#.8...8
.#..#..# ♣♣@♣ #......)....
.#..#..##### ♣)♣♣ ##.......⌠..
.#.........# ♣♣)♣ #...........
.#..##..#### ♣)♣♣ #....#.8...8
.#..##..## ♣♣)♣♣ ##.#.##.....
.#..##...# ♣)..♣♣ #....###...#
.#..##.#.# ♣....♣ ##.#.# #.#..
##..##.#.# #....# #.#.# #....
##..##.#)#####....#####.#.# #....


You could see Crazy Yiuf.

Vanquished Creatures
  Sigmund (D:2)
  3 gnolls (D:3)
  2 adders (D:2)
  An ufetubus (D:3)
  A dart slug (D:3)
  2 worms
  An orc (D:3)
  3 ball pythons
  6 bats
  5 endoplasms
  3 giant cockroaches
  5 hobgoblins
  3 jackals (D:1)
  4 frilled lizards
  3 goblins
  5 kobolds
  9 rats
57 creatures vanquished.

Notes
Turn   | Place    | Note
-------+----------+-------------------------------------------
     0 | D:1      | pkoi the Draconian Earth Elementalist began the quest for
                  | the Orb.
     0 | D:1      | Reached XP level 1. HP: 14/14 MP: 3/3
   586 | D:1      | Reached skill level 1 in Unarmed Combat
   591 | D:1      | Found a faded altar of an unknown god.
   595 | D:1      | Reached XP level 2. HP: 20/20 MP: 0/5
  1092 | D:2      | Noticed Sigmund
  1523 | D:2      | Reached skill level 2 in Unarmed Combat
  1542 | D:2      | Reached XP level 3. HP: 18/26 MP: 6/6
  1781 | D:2      | Killed Sigmund
  1782 | D:2      | Reached skill level 4 in Unarmed Combat
  1782 | D:2      | Reached XP level 4. HP: 20/33 MP: 1/7
  1782 | D:2      | Reached XP level 5. HP: 23/38 MP: 1/8
  1952 | D:2      | Learned a level 2 spell: Passwall
  3525 | D:3      | Found a runed translucent door.
  3526 | D:3      | Noticed Crazy Yiuf
  3742 | D:3      | Found a glowing silver altar of Zin.
  3992 | D:3      | Slain by Crazy Yiuf

Illustrated notes

Levels and vault maps discovered:
D:1:      dpeg_arrival_round_b, layout_basic, basic_ecumenical_altar,
          grunt_decor_clamped
D:2:      layout_loops_ring, nrook_uturn, chequers_serial_rivers_micro_b,
          uniq_sigmund
D:3:      minmay_evil_eye, layout_basic, overflow_temple_1_default,
          wad_floor_pattern_untrapped, uniq_crazy_yiuf_cottage

Skill      XL: |  1  2  3 |
---------------+----------+-----
Unarmed Combat | 1 2 4 |  4.7
Transmutations | 3 |  3.4
Dodging        | |  1.7
Stealth        | |  1.7
Spellcasting   | |  2.0
Earth Magic    | |  3.0

Action                   |  1- 3 |  4- 6 || total
-------------------------+-------+-------++-------
Melee: Unarmed           |    37 |   105 ||   142
       Tailslap          |     9 |     9 ||    18
 Cast: Sandblast         |    36 |    15 ||    51
  Use: Scroll            |       |     4 ||     4
       Potion            |       |     2 ||     2
 Stab: Sleeping          |     2 |     3 ||     5
Armor: Skin              |    11 |    41 ||    52
Dodge: Dodged            |    25 |    90 ||   115
